 Dungeon Crawl Stone Soup version 0.31-a0-1447-g87ca8d402b (webtiles) character file.

Game seed: 11775035256841717636

5819 Sobieck the Mimic (level 10, -3/91 HPs)
             Began as a Yellow Draconian Shapeshifter on Dec 27, 2023.
             Was an Initiate of Gozag.
             Slain by Grum
             ... wielding a -2 spear of venom
              (17 damage)
             ... on level 8 of the Dungeon.
             The game lasted 00:23:43 (8683 turns).

Sobieck the Mimic (Yellow Draconian Shapeshifter)   Turns: 8683, Time: 00:23:43

Health: -3/91      AC:  9    Str: 21    XL:     10   Next: 51%
Magic:  10/10      EV: 12    Int: 10    God:    Gozag
Gold:   1253       SH:  0    Dex: 11    Spells: 9/9 levels left

rFire   + .          .
                       - Unarmed
rCold   + . .        (shield currently unavailable)
rNeg    . . .        (body armour unavailable)
rPois   .            (helmet restricted)
rElec   .            r - +0 cloak
rCorr   +            (gloves currently unavailable)
SInv    .            j - +0 pair of boots
Will    .....        q - amulet of magic regeneration
Stlth   +            c - ring of protection from cold
HPRegen 0.35/turn    f - ring of protection from fire
MPRegen 0.52/turn

%: no passive effects
@: lethally poisoned (-3 -> -8), blade hands
A: spit acid, AC +7, unfitting armour, cold-blooded, acid resistance
a: Breathe Acid, Begin Untransformation, Renounce Religion, Potion Petition,
Call Merchant, Bribe Branch


You were on level 8 of the Dungeon.
You worshipped Gozag.
Gozag was most pleased with you.
You had blades for hands.
You visited 2 branches of the dungeon, and saw 10 of its levels.

You collected 1351 gold pieces.
You paid 98 gold pieces to Gozag.

Inventory:

Hand Weapons
 E - the +1 short sword of the Thieving Gods {pain, rElec Str+4 Int+3 Dex-3}
   (You found it on level 8 of the Dungeon)

   Str+4:     It affects your strength (+4).
   Int+3:     It affects your intelligence (+3).
   Dex-3:     It affects your dexterity (-3).
   rElec:     It insulates you from electricity.
Missiles
 k - 2 poisoned darts
 F - 6 curare-tipped darts
 J - 2 atropa-tipped darts
 Z - 3 throwing nets
Armour
 j - a +0 pair of boots (worn)
 r - a +0 cloak (worn)
 G - a +2 hat of see invisible
Magical Staves
 g - a staff of earth
 s - a staff of conjuration
Jewellery
 c - a ring of protection from cold (left blade hand)
 f - a ring of protection from fire (right blade hand)
 q - an amulet of magic regeneration (around neck)
Talismans
 h - a dragon-blood talisman
 v - a blade talisman (active)
Wands
 l - a wand of mindburst (16)
 x - a wand of roots (6)
 D - a wand of quicksilver (8)
Scrolls
 e - 2 scrolls of silence {!r}
 i - 2 scrolls of revelation
 m - 3 scrolls of fog
 u - a scroll of vulnerability
 y - a scroll of enchant armour {unknown}
 z - 2 scrolls of immolation
 B - a scroll of poison
 R - a scroll of identify
 T - 6 scrolls of teleportation
Potions
 a - a potion of lignification
 n - a potion of heal wounds {unknown}
 o - 2 potions of might
 p - a potion of resistance {unknown}
 t - a potion of brilliance {unknown}
 w - 2 potions of degeneration {unknown}
 A - 2 potions of attraction
 H - a potion of haste
 Q - 4 potions of curing


   Skills:
 + Level 9.3 Fighting
 + Level 2.7 Dodging
 + Level 8.3 Unarmed Combat
 * Level 10.4 Shapeshifting


You had 9 spell levels left.
You didn't know any spells.
Your spell library contained the following spells:

 Spells                   Type           Power      Damage    Failure   Level
 Shock                    Conj/Air       0%         1d3       36%         1
 Call Imp                 Summ           0%         N/A       50%         2
 Ensorcelled Hibernation  Hex/Ice        0%         N/A       50%         2
 Sublimation of Blood     Necr           0%         N/A       50%         2
 Fugue of the Fallen      Necr           0%         N/A       75%         3
 Ozocubu's Armour         Ice            0%         N/A       75%         3
 Passwall                 Erth           0%         N/A       75%         3
 Summon Ice Beast         Ice/Summ       0%         N/A       75%         3
 Swiftness                Air            0%         N/A       75%         3
 Airstrike                Air            0%         2d(0-16)  98%         4
 Manifold Assault         Tloc           0%         N/A       98%         4
 Summon Mana Viper        Hex/Summ       0%         N/A       100%        5
 Monstrous Menagerie      Summ           0%         N/A       100%        7
 Summon Hydra             Summ           0%         N/A       100%        7


Dungeon Overview and Level Annotations

Branches:
Dungeon (9/15)             Temple (1/1) D:5
   Lair: D:8-11         Orc: D:9-12

Altars:
Ashenzari
Cheibriados
Dithmenos
Elyvilon
Fedhas
Gozag
Hepliaklqana
Kikubaaqudgha
Okawaru
Qazlal
Ru
Sif Muna
Trog
Uskayaw
Vehumet
Wu Jian
Xom
Yredelemnul
Zin
The Shining One

Annotations:
D:4 1 runed translucent door, Laraso's ghost, amateur HOCA
D:5 2 transporters, Sabo's ghost, novice GnMo
D:8 Grum


Innate Abilities, Weirdness & Mutations

You have blades for hands.
You are incapable of wielding weapons or throwing items.
You can spit globs of acid.
Your golden yellow scales are hard. (AC +7)
You cannot fit into any form of body armour.
You are cold-blooded and may be slowed by cold attacks.
You are resistant to acid. (rCorr)


Message History

There is a stone staircase leading up, spattered with blood here.
You feel very sick. Grum closely misses you.
You climb upwards.
You feel very sick.
There is a stone staircase leading down here.
Unknown command.
Unknown command.
Unknown command.
You feel sick.
Grum hits you from afar with a -2 spear of venom.
You are more poisoned.
Unknown command.
You feel very sick. Grum misses you.
There is a stone staircase leading down here.
You slash Grum!
Grum is moderately wounded.
You feel very sick. Grum misses you.
You barely miss Grum. You tail-slap Grum, but do no damage.
Grum is moderately wounded.
You feel sick.
You slash Grum!
Grum is heavily wounded.
You feel sick. Grum hits you with a -2 spear of venom.
You are more poisoned.
You closely miss Grum.
Grum is heavily wounded.
You feel very sick.
Grum hits you with a -2 spear of venom!!
You are lethally poisoned!
Unknown command.
You slash Grum! You tail-slap Grum. Your slash misses Grum.
Grum is severely wounded.
* * * LOW HITPOINT WARNING * * *
You feel extremely sick. Grum hits you with a -2 spear of venom!
* * * LOW HITPOINT WARNING * * *
You are more poisoned.
Unknown command.
You feel better. Grum hits you with a -2 spear of venom.
* * * LOW HITPOINT WARNING * * *
You are poisoned.
Unknown command.
You barely miss Grum.
Grum is severely wounded.
You feel sick. Grum hits you with a -2 spear of venom!
You die...
Your body crumbles into a pile of gold.

##..######.........#.# #...####
#..................#.# #.......
##.#######.........#.###.......
#.# #.........#.#.'....... #.#
#####'###.#.#.#....... #.# #.#
#.#...#....... #.# #.#
#.##..#.......
#.###########.###.##..####....
#.#..........@g..(.......+....
#.#.##########.....#..####....
#.#.#...........##.#..########
##.#.#.#########.##....#..#
#..#.#.................#..#####
##.#.###########.####.).?......
#.#.# #.#.##..#..##### #.#.#
#.#.##.##....... #.#.#
#.#.##.###.#####


You could see Grum.

Vanquished Creatures
  Gastronok (D:9)
  A komodo dragon (D:9)
  Prince Ribbit (D:8)
  A steam dragon (D:7)
  Menkaure (D:5)
  A water moccasin (D:8)
  7 ice beasts
  2 black bears
  A sky beast (D:7)
  3 ogres
  A phantom (D:5)
  4 centaurs
  Blork the orc (D:5)
  A kobold brigand (D:7)
  5 bullfrogs
  3 scorpions (D:5)
  5 wights (D:8)
  11 killer bees
  A howler monkey (D:7)
  2 bombardier beetles
  5 jellies
  A gnoll bouda (D:7)
  2 orc priests
  6 hounds
  4 iguanas
  6 orc wizards
  6 gnolls
  6 adders
  A shadow imp (D:5)
  A white imp (D:6)
  6 ufetubi
  A worm (D:3)
  2 dart slugs
  24 orcs
  4 bats
  3 endoplasms
  5 giant cockroaches
  4 goblins
  9 hobgoblins
  7 kobolds
  A quokka (D:5)
  13 ball pythons
  4 frilled lizards
  5 rats
179 creatures vanquished.

Notes
Turn   | Place    | Note
-------+----------+-------------------------------------------
     0 | D:1      | Sobieck the Draconian Shapeshifter began the quest for the
                  | Orb.
     0 | D:1      | Reached XP level 1. HP: 16/16 MP: 1/1
   130 | D:1      | Reached XP level 2. HP: 23/23 MP: 2/2
   804 | D:2      | Reached XP level 3. HP: 29/29 MP: 3/3
  1778 | D:3      | Reached XP level 4. HP: 37/37 MP: 4/4
  2087 | D:4      | Reached skill level 3 in Fighting
  2183 | D:4      | Reached XP level 5. HP: 24/45 MP: 5/5
  2282 | D:4      | Noticed Laraso's ghost (amateur HOCA)
  2290 | D:4      | Found a runed translucent door.
  2377 | D:4      | Reached skill level 4 in Shapeshifting
  2500 | D:4      | Found a bloodstained altar of Trog.
  2612 | D:4      | Reached XP level 6. HP: 52/52 MP: 6/6
  2820 | D:5      | Entered Level 5 of the Dungeon
  2987 | D:5      | Your scales start taking on a golden yellow colour.
  2987 | D:5      | Reached XP level 7. HP: 60/60 MP: 7/7
  2987 | D:5      | Gained mutation: You are resistant to acid. (rCorr) [Yellow
                  | Draconian growth]
  3070 | D:5      | Found a staircase to the Ecumenical Temple.
  3079 | Temple   | Entered the Ecumenical Temple
  3102 | Temple   | Became a worshipper of Gozag Ym Sagoz the Greedy
  3218 | D:5      | Reached skill level 5 in Shapeshifting
  3271 | D:5      | Noticed Menkaure
  3279 | D:5      | Killed Menkaure
  3306 | D:5      | Reached skill level 6 in Unarmed Combat
  3370 | D:5      | Reached XP level 8. HP: 70/70 MP: 8/8
  3406 | D:5      | Found a transporter.
  3407 | D:5      | Found a transporter.
  3407 | D:5      | Noticed Sabo's ghost (novice GnMo)
  3480 | D:5      | Reached skill level 6 in Fighting
  3644 | D:5      | Reached skill level 6 in Shapeshifting
  4409 | D:6      | Noticed Blork the orc
  4625 | D:5      | Killed Blork the orc
  4626 | D:5      | Reached XP level 9. HP: 64/79 MP: 9/9
  4875 | D:5      | Reached skill level 7 in Shapeshifting
  6546 | D:7      | Reached skill level 9 in Fighting
  6546 | D:7      | Reached skill level 8 in Shapeshifting
  6718 | D:8      | Noticed Prince Ribbit
  6736 | D:8      | Killed Prince Ribbit
  7184 | D:8      | Identified the +1 short sword of the Thieving Gods {pain,
                  | rElec Str+4 Int+3 Dex-3}
  7310 | D:8      | Reached skill level 9 in Shapeshifting
  7879 | D:9      | Noticed Gastronok
  7896 | D:9      | Killed Gastronok
  7897 | D:9      | Reached skill level 10 in Shapeshifting
  7897 | D:9      | Reached XP level 10. HP: 58/91 MP: 10/10
  8663 | D:9      | Noticed Grum
  8683 | D:8      | Slain by Grum

Illustrated notes

Levels and vault maps discovered:
D:1:      lightli_arrival_quake, layout_rooms, chequers_serial_rivers_room_b
D:2:      layout_loops_cross, minmay_misc_feat_hallway,
          kennysheep_decorative_pillar
D:3:      layout_loops_cross
D:4:      layout_rooms, hellmonk_ghost_happy_afterlife,
          chequers_serial_rivers_micro_b, minmay_ruined_shrine
D:5:      layout_basic, minmay_temple_entry_poolview, gammafunk_ghost_hive,
          minmay_increasing_density, uniq_menkaure
D:6:      layout_cave_pools, serial_bayou_pond_a,
          nicolae_concentric_dashed_squares_mild, uniq_blork_the_orc
D:7:      layout_cave_pods, chequers_serial_rivers_micro_e,
          kennysheep_generic_room_7
D:8:      layout_basic, dreamdust_wishing_well, minmay_misc_feat_more_columns,
          uniq_prince_ribbit1
D:9:      layout_grid_maze, overflow_temple_1_default,
          mainiacjoe_overflow_concentric_impassable,
          due_lair_maze_entry_diamond, hiddenorc1_lemuel, serial_shops,
          nicolae_shop_statue_plus, minmay_misc_feat_x, minivault_16,
          hangedman_decor_clover_reticule, serial_bayou_pond_c, uniq_jeremiah,
          uniq_joseph, uniq_grum, uniq_gastronok
Temple:   mainiacjoe_temple_big_plus

Skill      XL: |  1  2  3  4  5  6  7  8  9 |
---------------+----------------------------+-----
Fighting       | 2 3 4 5 7 9 |  9.3
Unarmed Combat | 4 5 6 7 8 |  8.3
Shapeshifting  | 4 5 6 10 | 10.4
Dodging        | 2 |  2.7

Action                     |  1- 3 |  4- 6 |  7- 9 | 10-12 || total
---------------------------+-------+-------+-------+-------++-------
  Melee: Unarmed           |   106 |   114 |   271 |    42 ||   533
         Tailslap          |     6 |     9 |    40 |     4 ||    59
         Punch             |     1 |     2 |     3 |     1 ||     7
  Throw: Stone             |     5 |    13 |       |       ||    18
         Dart              |       |       |     2 |       ||     2
Ability: Breathe Acid      |       |       |    32 |     2 ||    34
    Use: Scroll            |       |     6 |    11 |     1 ||    18
         Potion            |       |     1 |     3 |     1 ||     5
   Stab: Distracted        |       |       |     3 |       ||     3
         Sleeping          |       |       |     1 |       ||     1
 Armour: Skin              |    47 |    64 |   182 |    57 ||   350
  Dodge: Dodged            |    59 |    46 |   220 |    38 ||   363
   Form: Flux              |     1 |       |     3 |       ||     4
         Beast             |     1 |       |     1 |       ||     2
         Blade             |     1 |       |     1 |     1 ||     3
         Dragon            |       |       |     1 |       ||     1

Table legend: (Time is in decaauts)
 A = Elapsed time spent in this place.
 B = Non-inter-level travel time spent in this place.
 C = Inter-level travel time spent in this place.
 D = Time resting spent in this place.
 E = Time spent auto-exploring this place.
 F = Levels seen in this place.
 G = Mean time per level.
                   A        B        C        D        E       F      G
               +--------+--------+--------+--------+--------+-----+--------+
         Total |   8648 |   8295 |    353 |   1911 |   4377 |  10 |  864.8 |
       Dungeon |   8602 |   8288 |    314 |   1911 |   4377 |   9 |  955.8 |
        Temple |     45 |      6 |     39 |      0 |      0 |   1 |   45.0 |
               +--------+--------+--------+--------+--------+-----+--------+

Top non-repeatable levels by time:
     D:5: 2021 daAuts
     D:8: 1697 daAuts
     D:7: 1141 daAuts
     D:4: 786 daAuts
     D:2: 750 daAuts
     D:1: 653 daAuts
     D:3: 651 daAuts
     D:6: 551 daAuts
     D:9: 349 daAuts
  Temple: 45 daAuts
